 Dungeon Crawl Stone Soup version 0.29-a0-575-g0dc89cf053 (webtiles) character file.

Game seed: 8159069145929674092

40 shoop the Digger (level 4, -5/33 HPs)
             Began as a Meteoran Earth Elementalist on June 12, 2022.
             Slain by jejorda2's ghost (7 damage)
             ... on level 3 of the Dungeon.
             The game lasted 00:06:03 (413 turns).

shoop the Digger (Meteoran Earth Elementalist)       Turns: 413, Time: 00:06:04

Health: -5/33      AC:  7    Str: 10    XL:     4   Next: 0%
Magic:  3/9        EV: 13    Int: 18    God:
Gold:   48         SH:  0    Dex: 20    Spells: 0/8 levels left

rFire   . . .      SeeInvis .   i - +9 short sword of Caepnen {freeze, Stlth+}
rCold   . . .      Faith    .   (no shield)
rNeg    . . .      Spirit   .   a - +0 robe
rPois   .          Reflect  .   (no helmet)
rElec   .          Harm     .   e - +0 cloak
rCorr   .          Rampage  .   (no gloves)
Will    .....                   (no boots)
Stlth   ++........              (no amulet)
HPRegen 0.11/turn               f - +6 ring of dexterity
MPRegen 0.11/turn               j - +4 ring of protection

@: glowing
A: sense surroundings 1, otherworldly, glowing, explore regen
a: no special abilities


You were on level 3 of the Dungeon.
You visited 1 branch of the dungeon, and saw 3 of its levels.

You collected 48 gold pieces.

Inventory:

Hand Weapons
 d - a +0 hand axe
 i - the +9 short sword of Caepnen (weapon) {freeze, Stlth+}
   (You acquired it on level 3 of the Dungeon)

   It freezes those it strikes, dealing additional cold damage.
   It can also slow down cold-blooded creatures.
   Stlth:     It makes you more stealthy.
Missiles
 g - 5 javelins
 h - 2 poisoned darts
Armour
 a - a +0 robe (worn)
 e - a +0 cloak (worn)
 m - a +0 helmet
Jewellery
 f - a +6 ring of dexterity (left hand)
 j - a +4 ring of protection (right hand)
 k - a ring of ice
Wands
 o - a wand of flame (9)
Scrolls
 c - 3 scrolls of noise
Potions
 b - a potion of magic


   Skills:
 + Level 0.0 Short Blades
 - Level 2.5 Dodging
 - Level 1.4 Stealth
 - Level 2.7 Spellcasting
 - Level 1.3 Transmutations
 - Level 5.2 Earth Magic


You couldn't memorise any spells.
You knew the following spells:

 Your Spells              Type           Power      Damage    Failure   Level
a - Sandblast             Erth           42%        2d11      1%          1
b - Blink                 Tloc           4%         N/A       26%         2
c - Stone Arrow           Conj/Erth      22%        3d8       17%         3
p - Passwall              Tmut/Erth      11%        N/A       7%          2

Your spell library contained the following spells:

 Spells                   Type           Power      Damage    Failure   Level
 Magic Dart               Conj           8%         1d3       17%         1
 Call Imp                 Summ           2%         N/A       26%         2
 Petrify                  Tmut/Erth      14%        N/A       41%         4
 Mephitic Cloud           Conj/Pois/Air  2%         N/A       45%         3
 Manifold Assault         Tloc           2%         N/A       99%         5
 Storm Form               Tmut/Air       2%         N/A       100%        7


Dungeon Overview and Level Annotations

Branches:
Dungeon (3/15)

Altars:

Shops:
D:1 (

Annotations:
D:3 jejorda2's ghost, amateur GnWr


Innate Abilities, Weirdness & Mutations

You passively map a small area around you.
You are easily found by Zot.
You glow in the dark.
You regain HP and MP as you explore.


Message History

This is a scroll of acquirement!
Save game and exit?
Level annotation: jejorda2's ghost, amateur GnWr Welcome back, shoop the Meteoran Earth Elementalist.
Press ? for a list of commands and other information.
Okay, then.
Okay, then.
Something appears at your feet! Jejorda2's ghost completely misses you.
i - the +9 short sword of Caepnen {freeze, Stlth+} Jejorda2's ghost hits you.
Jejorda2's ghost burns you.
The +9 short sword of Caepnen {freeze, Stlth+} glows with a cold blue light!
i - the +9 short sword of Caepnen (weapon)
{freeze, Stlth+} You hit jejorda2's ghost.
You freeze jejorda2's ghost.
Jejorda2's ghost is lightly damaged.
Jejorda2's ghost hits you. Jejorda2's ghost burns you.
Jejorda2's ghost closely misses you.
You barely miss jejorda2's ghost.
Jejorda2's ghost is lightly damaged.
Jejorda2's ghost barely misses you.
You hit jejorda2's ghost but do no damage.
Jejorda2's ghost is lightly damaged.
Jejorda2's ghost hits you. Jejorda2's ghost burns you.
You hit jejorda2's ghost but do no damage.
Jejorda2's ghost is lightly damaged.
Jejorda2's ghost hits you.
* * * LOW HITPOINT WARNING * * *
Jejorda2's ghost burns you.
* * * LOW HITPOINT WARNING * * *
You hit jejorda2's ghost. You freeze jejorda2's ghost.
Jejorda2's ghost is lightly damaged.
Jejorda2's ghost hits you but does no damage.
You hit jejorda2's ghost. You freeze jejorda2's ghost.
Jejorda2's ghost is lightly damaged.
Jejorda2's ghost says very slowly, "There's no hope."
Jejorda2's ghost hits you.
* * * LOW HITPOINT WARNING * * *
Jejorda2's ghost burns you.
* * * LOW HITPOINT WARNING * * *
Jejorda2's ghost hits you!
You die...

############
*#########..........#
...........W.......#
..
*####......@.......#
.# *
##........######## .#
##...#'#...#*
.######...##.##.....
.##......##...##...#
*
(.#.##..##.....##..#
,*
....#...#⌠.?♣!.⌠#...
,
........##.....##...
.........##...##... ,


You could see jejorda2's ghost.

Vanquished Creatures
  A worm (D:2)
  2 dart slugs (D:3)
  An orc (D:3)
  A ball python (D:3)
  3 bats
  2 endoplasms (D:1)
  2 goblins (D:3)
  4 hobgoblins (D:1)
  5 jackals (D:3)
  A quokka (D:3)
  A frilled lizard (D:1)
  3 kobolds
  2 rats (D:1)
28 creatures vanquished.

Notes
Turn   | Place    | Note
-------+----------+-------------------------------------------
     0 | D:1      | shoop the Meteoran Earth Elementalist began the quest for
                  | the Orb.
     0 | D:1      | Reached XP level 1. HP: 14/14 MP: 5/5
    54 | D:1      | Reached XP level 2. HP: 20/20 MP: 1/6
    68 | D:1      | Reached skill level 4 in Earth Magic
   117 | D:1      | Found a faded altar of an unknown god.
   135 | D:1      | Found Lillecua's Antique Weapon Shop.
   232 | D:2      | Reached XP level 3. HP: 26/26 MP: 4/8
   235 | D:2      | Learned a level 2 spell: Passwall
   239 | D:2      | Learned a level 3 spell: Stone Arrow
   283 | D:3      | Reached skill level 5 in Earth Magic
   305 | D:3      | Reached XP level 4. HP: 21/33 MP: 1/9
   346 | D:3      | Learned a level 2 spell: Blink
   375 | D:3      | Found a runed translucent door.
   375 | D:3      | Noticed jejorda2's ghost (amateur GnWr)
   404 | D:3      | Identified a scroll of acquirement
   404 | D:3      | Acquired the +9 short sword of Caepnen {freeze, Stlth+}
   413 | D:3      | Slain by jejorda2's ghost

Illustrated notes

Levels and vault maps discovered:
D:1:      erik_arrival_cave_to_civilisation [erik_arrival_cave_to_hall],
          layout_rooms, shapermc_ecumenical_altar_mp_urbaneastern, serial_shops,
          nicolae_shop_stone
D:2:      layout_basic, basic_altar, minmay_strange_pillars
D:3:      layout_rooms, hellmonk_ghost_happy_afterlife, minmay_fractal_squares_5

Skill      XL: |  1  2  3 |
---------------+----------+-----
Earth Magic    | 4 5 |  5.2
Dodging        | |  2.5
Stealth        | |  1.4
Spellcasting   | |  2.7
Transmutations | |  1.3

Action                   |  1- 3 |  4- 6 || total
-------------------------+-------+-------++-------
Melee: Hand axe          |    25 |     1 ||    26
       Short sword       |       |     6 ||     6
 Cast: Sandblast         |    34 |     4 ||    38
       Stone Arrow       |       |     1 ||     1
  Use: Scroll            |       |     3 ||     3
       Potion            |       |     1 ||     1
Armor: Robe              |    23 |     6 ||    29
Dodge: Dodged            |    27 |    10 ||    37

Table legend: (Time is in decaauts)
 A = Elapsed time spent in this place.
 B = Non-inter-level travel time spent in this place.
 C = Inter-level travel time spent in this place.
 D = Time resting spent in this place.
 E = Time spent auto-exploring this place.
 F = Levels seen in this place.
 G = Mean time per level.
                   A        B        C        D        E       F      G
               +--------+--------+--------+--------+--------+-----+--------+
         Total |    456 |    456 |      0 |      0 |      0 |   3 |  152.0 |
       Dungeon |    456 |    456 |      0 |      0 |      0 |   3 |  152.0 |
               +--------+--------+--------+--------+--------+-----+--------+

Top non-repeatable levels by time:
     D:1: 242 daAuts
     D:3: 177 daAuts
     D:2: 36 daAuts
